 Dungeon Crawl Stone Soup version 0.24.0-37-gcf1ca852f1 (webtiles) character file.

Game seed: 13723698468469064272, levelgen mode: deterministic

9058 Gruesph the Grappler (level 11, -20/157 HPs)
             Began as a Troll Berserker on Nov 28, 2019.
             Was a High Priest of Trog.
             Demolished by a freezing wraith (23 damage)
             ... led by a death knight
             ... on level 10 of the Dungeon on Nov 29, 2019.
             The game lasted 00:33:05 (9143 turns).

Gruesph the Grappler (Troll Berserker)              Turns: 9143, Time: 00:33:05

Health: -20/157    AC:  8    Str: 37      XL:     11   Next: 18%
Magic:  13/13      EV: 12    Int:  3      God:    Trog [*****.]
Gold:   538        SH:  3    Dex: 11 (12) Spells: 10/10 levels left

rFire    . . .     SeeInvis .     - Unarmed
rCold    . . .     Gourm    +   (no shield)
rNeg     + . .     Faith    .   C - +2 robe {rN+}
rPois    .         Spirit   .   (helmet restricted)
rElec    .         Reflect  +   (no cloak)
rCorr    .         Harm     .   (gloves unavailable)
MR       +++..                  (boots unavailable)
Stlth    ..........             g - +3 amulet of reflection
HPRegen  1.76/turn              e - +5 ring of strength
MPRegen  0.13/turn              a - ring of protection from magic

@: berserking, regenerating, slowed
A: large, unfitting armour, claws 3, fast metabolism 3, gourmand, regeneration
1, shaggy fur 1, tough skin 3
a: Berserk, Trog's Hand, Brothers in Arms, Renounce Religion


You were on level 10 of the Dungeon.
You worshipped Trog.
Trog was extremely pleased with you.
You were full.

You visited 2 branches of the dungeon, and saw 12 of its levels.
You also visited: Ossuary.

You collected 634 gold pieces.
You spent 96 gold pieces at shops.

Inventory:

Armour
 C - a +2 robe of positive energy (worn)
Jewellery
 a - a ring of protection from magic (right claw)
 e - a +5 ring of strength (left claw)
 g - a +3 amulet of reflection (around neck)
 k - an uncursed ring of see invisible
 y - a +3 ring of protection
Wands
 b - a wand of flame (17)
 n - a wand of acid (4)
 q - a wand of clouds (5)
 B - a wand of disintegration (22)
 F - a wand of polymorph (6)
Scrolls
 j - 7 scrolls of teleportation
 l - 2 scrolls of fear
 p - 2 scrolls of magic mapping
 r - 7 scrolls of remove curse
 s - 2 scrolls of blinking
Potions
 c - 7 potions of curing
 d - 2 potions of might
 h - 2 potions of heal wounds
 m - 5 potions of agility
 o - 2 potions of haste
 t - a potion of invisibility {unknown}
 u - 3 potions of lignification
 v - 3 potions of flight
 w - a potion of resistance {unknown}
 x - 2 potions of mutation {unknown}
 z - a potion of magic {unknown}
 A - a potion of cancellation {unknown}
 J - a potion of ambrosia {unknown}
Comestibles
 f - 20 rations


   Skills:
 + Level 6.2 Fighting
 - Level 1.0 Throwing
 + Level 6.3 Dodging
 + Level 13.1 Unarmed Combat
 + Level 4.3 Evocations


You had 10 spell levels left.
You didn't know any spells.
Your spell library was empty.

Dungeon Overview and Level Annotations

Branches:
Dungeon (11/15)            Temple (1/1) D:5            Lair (0/6) D:10
Ossuary (visited)
    Orc: D:9-12

Altars:
Ashenzari
Cheibriados
Dithmenos
Elyvilon
Fedhas
Gozag
Hepliaklqana
Kikubaaqudgha
Makhleb
Nemelex Xobeh
Okawaru
Qazlal
Ru
Sif Muna
Trog
Uskayaw
Vehumet
Wu Jian
Xom
Yredelemnul
Zin
The Shining One

Shops:
D:4 [   D:5 *   D:6 =   D:7 =   D:8 }


Innate Abilities, Weirdness & Mutations

You are too large for most types of armour.
You have claws for hands.
Your metabolism is lightning-fast.
You like to eat raw meat.
Your natural rate of healing is unusually fast.
You are covered in fur. (AC +1)
You have extremely tough skin. (AC +3)


Message History

There is a stone staircase leading down here.
You see here a wand of random effects (13).
A red film seems to cover your vision as you go berserk!
You feel yourself moving faster!
You feel mighty!
You feel a lot less full. The wraith hits you.
You block the freezing wraith's attack. The freezing wraith hits you.
The death knight hits you with a +0 halberd!!
You block the wraith's attack. The freezing wraith hits you!
* * * LOW HITPOINT WARNING * * *
The freezing wraith freezes you!!
* * * LOW HITPOINT WARNING * * *
The freezing wraith closely misses you.
There isn't anything to butcher here.
You feel a strong urge to attack something.
The death knight hits you from afar with a +0 halberd!
* * * LOW HITPOINT WARNING * * *
The freezing wraith hits you!
* * * LOW HITPOINT WARNING * * *
The freezing wraith freezes you!!
You die...

#.# ##'###.#.###..##.# #.#
#.# #.#.#....##.# #.# #.#
#.#.#.##.##.# #.#
##.###.#.#.##.##.# #.######
##...##........##.# #......#
#.......#.........#
#..###.####.W.....##.#######
##.# #....p>W........#
#.###.#####@.....####
#.....# #.#...## #######
#.##### #.# #.# #.#
######### #.# #.......# ###
########.###.#####.# #>#
##................#.#


You could see a death knight, a freezing wraith and a wraith.

Vanquished Creatures
  Pikel (D:7)
  The ghost of losten the Covered, a novice DsBe of Trog (D:5)
  Joseph (D:9)
  2 rust devils (D:8)
  3 trolls (D:10)
  A hornet (D:9)
  2 hippogriffs (D:9)
  A shadow (D:8)
  6 yaks (D:10)
  Eustachio (D:6)
  A wyvern (D:9)
  A hungry ghost (D:10)
  A water moccasin (D:10)
  Duvessa (D:6)
  An eye of draining (D:9)
  4 ice beasts
  A sky beast (D:8)
  A black bear (D:9)
  2 orc warriors
  A phantom (D:6)
  A necrophage (D:10)
  2 ogres
  A centaur (D:6)
  8 bullfrogs
  2 elf zombies (D:4)
  A big kobold (D:8)
  2 elf skeletons (D:4)
  A gnoll sergeant (D:8)
  Dowan (D:6)
  A water moccasin zombie (D:8)
  8 scorpions (Ossuary)
  3 killer bees (D:10)
  3 howler monkeys (D:8)
  2 bullfrog zombies
  4 crimson imps
  2 centaur zombies
  2 human zombies (Ossuary)
  A quasit (D:10)
  9 hounds
  4 orc wizards
  A centaur skeleton (D:10)
  An orc priest (D:4)
  2 bullfrog skeletons (D:8)
  3 jellies
  3 human skeletons (D:4)
  An iguana (D:6)
  6 worker ants
  A big kobold zombie (Ossuary)
  A hound zombie (D:6)
  3 mummies (Ossuary)
  A worker ant zombie (D:9)
  9 gnolls
  11 adders
  4 scorpion zombies (Ossuary)
  3 shadow imps
  2 oozes
  An adder zombie (D:8)
  2 adder skeletons
  4 worms
  5 dart slugs
  4 leopard geckos
  15 orcs
  10 bats
  8 giant cockroaches
  4 gnoll zombies (Ossuary)
  13 goblins
  10 hobgoblins
  17 jackals
  16 kobolds
  3 ball pythons
  3 frilled lizards
  A goblin zombie (Ossuary)
  A hobgoblin zombie (Ossuary)
  2 kobold zombies (Ossuary)
  2 orc skeletons (D:4)
  4 orc zombies
  15 rats
283 creatures vanquished.

Vanquished Creatures (collateral kills)
  3 gnolls (D:8)
3 creatures vanquished.

Grand Total: 286 creatures vanquished

Notes
Turn   | Place    | Note
-------+----------+-------------------------------------------
     0 | D:1      | Gruesph the Troll Berserker began the quest for the Orb.
     0 | D:1      | Reached XP level 1. HP: 22/22 MP: 0/0
   115 | D:1      | Reached XP level 2. HP: 29/29 MP: 1/1
   225 | D:1      | Reached skill level 4 in Unarmed Combat
   506 | D:1      | Reached XP level 3. HP: 30/36 MP: 2/2
   870 | D:2      | Reached ** piety under Trog
  1074 | D:2      | Found a radiant altar of Vehumet.
  1253 | D:2      | Reached skill level 5 in Unarmed Combat
  1253 | D:2      | Reached XP level 4. HP: 40/44 MP: 3/3
  1880 | D:3      | Reached *** piety under Trog
  2091 | D:3      | Reached XP level 5. HP: 50/50 MP: 4/4
  2303 | D:3      | Found a shadowy altar of Dithmenos.
  2304 | D:3      | Found a shattered altar of Ashenzari.
  2426 | D:3      | Reached skill level 6 in Unarmed Combat
  2592 | D:3      | Found an opulent altar of Gozag.
  2592 | D:3      | Found a shimmering altar of Xom.
  2690 | D:4      | Found a shattered altar of Ashenzari.
  2713 | D:4      | Reached skill level 7 in Unarmed Combat
  2713 | D:4      | Reached XP level 6. HP: 54/59 MP: 5/5
  2724 | D:4      | Found a sand-covered staircase.
  2729 | Ossuary  | Entered an ossuary
  2878 | Ossuary  | Reached skill level 8 in Unarmed Combat
  2878 | Ossuary  | Reached XP level 7. HP: 46/66 MP: 6/6
  2999 | Ossuary  | Reached **** piety under Trog
  3084 | Ossuary  | Reached skill level 9 in Unarmed Combat
  3236 | D:4      | Reached XP level 8. HP: 71/74 MP: 7/7
  3263 | D:4      | Reached skill level 10 in Unarmed Combat
  3668 | D:4      | Found Plog's Antique Armour Boutique.
  3763 | D:5      | Entered Level 5 of the Dungeon
  3782 | D:5      | Found a staircase to the Ecumenical Temple.
  3789 | Temple   | Entered the Ecumenical Temple
  4199 | D:5      | Found a runed translucent door.
  4200 | D:5      | Noticed losten's ghost (novice DsBe)
  4222 | D:5      | Killed losten's ghost
  4222 | D:5      | Reached skill level 11 in Unarmed Combat
  4359 | D:5      | Found Gozog's General Store.
  4375 | D:5      | Bought a potion of heal wounds for 60 gold pieces
  4375 | D:5      | Bought a scroll of teleportation for 36 gold pieces
  4582 | D:5      | Found a white marble altar of Elyvilon.
  4582 | D:5      | Found a glowing golden altar of the Shining One.
  4582 | D:5      | Found a glowing silver altar of Zin.
  4703 | D:6      | Found a basalt altar of Yredelemnul.
  4746 | D:6      | Reached skill level 1 in Throwing
  4746 | D:6      | Reached XP level 9. HP: 69/80 MP: 8/8
  4880 | D:6      | Noticed Dowan
  4882 | D:6      | Noticed Duvessa
  4889 | D:6      | Killed Duvessa
  4890 | D:6      | Killed Dowan
  4992 | D:6      | Noticed Eustachio
  5445 | D:6      | Found Viori's Jewellery Boutique.
  5506 | D:6      | Killed Eustachio
  5554 | D:6      | Reached skill level 12 in Unarmed Combat
  6157 | D:7      | Noticed Pikel
  6164 | D:7      | Killed Pikel
  6164 | D:7      | Reached skill level 1 in Evocations
  6282 | D:7      | Found a burning altar of Makhleb.
  6329 | D:7      | Found Ducy's Jewellery Shoppe.
  6431 | D:7      | Found a blossoming altar of Fedhas.
  6439 | D:7      | You fall into a shaft and drop 3 floors!
  6439 | D:10     | Entered Level 10 of the Dungeon
  6609 | D:8      | Reached XP level 10. HP: 94/94 MP: 10/10
  6793 | D:8      | Found Vommycro's Gadget Emporium.
  6936 | D:7      | Reached skill level 5 in Dodging
  7275 | D:7      | Noticed a rust devil
  7275 | D:7      | Noticed a rust devil
  7280 | D:8      | Reached skill level 5 in Fighting
  7306 | D:8      | Killed a rust devil
  7317 | D:8      | Killed a rust devil
  7437 | D:7      | Got a twisted plate armour
  7570 | D:9      | Noticed Joseph
  7589 | D:9      | Killed Joseph
  7620 | D:9      | Found a bloodstained altar of Trog.
  7682 | D:9      | Paralysed by a hornet for 2 turns
  7922 | D:9      | Found a sparkling altar of Nemelex Xobeh.
  8104 | D:10     | Reached skill level 13 in Unarmed Combat
  8210 | D:10     | Reached XP level 11. HP: 105/105 MP: 13/13
  8232 | D:10     | Reached ***** piety under Trog
  8968 | D:10     | Found a staircase to the Lair.
  9137 | D:11     | Noticed a death knight
  9143 | D:10     | HP: 3/157 [freezing wraith[a death knight] (9)]
  9143 | D:10     | Demolished by a freezing wraith

Levels and vault maps discovered:
D:1:      ncdulo_wetmaze, layout_basic, st_stairs_1, kennysheep_doodads,
          palyth_stone_intersect, corexii_hall_statues_t
D:2:      layout_loops_ring, marbit_many_paths, minmay_tetromino_o4
D:3:      layout_loops_corners, gammafunk_temple_overflow_statue,
          gammafunk_temple_overflow_pools, minmay_ruptured
D:4:      layout_rooms, serial_shops, shop, nicolae_ossuary_entry_catacombs,
          glass_columns_b, cheibrodos_ashenzari_chains
D:5:      layout_loops_corners, good_gods_mini_temple, minmay_temple_entry_tees,
          ebering_ghost_sewer_d, first_ration, serial_shops, nicolae_shop_stone
D:6:      nicolae_whirlpool, layout_layer_cave, kennysheep_little_box,
          serial_shops, shop, uniq_duvessa, uniq_eustachio
D:7:      cheibrodos_iron_armory, layout_basic, serial_shops, shop, basic_altar,
          makhleb_heckhound_becter, uniq_pikel
D:8:      layout_rooms, serial_shops, shop
D:9:      layout_rooms, bloody_trog, lemuel_round_altar, uniq_joseph
D:10:     layout_loops_corners, lair_entry_dummy, grunt_potential
D:11:     statuecave_lemuel, layout_layer_cave,
          kennysheep_orc_monster_closet_entryway, grunt_pizzeria
Temple:   eino_temple_lava

Skill      XL: |  1  2  3  4  5  6  7  8  9 10 11 |
---------------+----------------------------------+-----
Unarmed Combat | 4 5 7 8 9 11 12 13 | 13.1
Throwing       | 1 |  1.0
Dodging        | 4 6 |  6.3
Fighting       | 4 5 6 |  6.2
Evocations     | 2 4 |  4.3

Action                   |  1- 3 |  4- 6 |  7- 9 | 10-12 || total
-------------------------+-------+-------+-------+-------++-------
Melee: Unarmed           |   109 |   164 |   259 |   245 ||   777
       Punch             |     5 |     1 |    15 |    15 ||    36
Invok: Berserk           |       |     1 |     2 |     4 ||     7
       Trog's Hand       |       |       |     4 |     3 ||     7
       Brothers in Arms  |       |       |       |     1 ||     1
Evoke: Wand              |       |       |       |     1 ||     1
  Use: Scroll            |       |       |    14 |     8 ||    22
 Stab: Sleeping          |       |     3 |       |     1 ||     4
       Confused          |       |       |       |     1 ||     1
  Eat: Chunk             |    17 |    14 |    39 |    31 ||   101
Armor: Animal skin       |    44 |    64 |    59 |       ||   167
       Robe              |       |       |    12 |    58 ||    70
Dodge: Dodged            |    55 |    87 |    85 |   115 ||   342
Block: Other             |       |       |    12 |    14 ||    26
       Reflection        |       |       |     1 |     1 ||     2
